Patriotes vs Demolitions

Created - April 15, 2017 at 19:04

Goals
1 2 3 T
Patriotes 1 1 4 6
Demolitions 1 0 1 2
Shots
1 2 3 T
Patriotes 14 13 10 37
Demolitions 6 8 12 26

1st period

1. Demolitions , Bobby Butler 32 (David Rundblad 20, Ryan Vesce 36) at 3:42
2. Patriotes , Matt Calvert 17 (Timothy Kunes 25) at 14:23

Penalties :
Mattias Weinhandl (Nyc) for Hooking (Minor) at 0:48, Nicolas Blanchard (Vic) for Interference (Minor) at 6:39

2nd period

3. Patriotes , Zenon Konopka 24 (Mattias Weinhandl 35, Timothy Kunes 26) at 6:58

Penalties :
Ryan Wilson (Nyc) for Hooking (Minor) at 2:30, Taylor Aronson (Vic) for Tripping (Minor) at 11:08

3rd period

4. Patriotes , Fedor Fedorov 17 (Mattias Weinhandl 36, Zenon Konopka 37) at 4:25
5. Demolitions , Cameron Schilling 8 (Bobby Butler 48, Ryan Vesce 37) at 5:36 (PP)
6. Patriotes , Melker Karlsson 18 (Mike Funk 6) at 9:00
7. Patriotes , Zenon Konopka 25 (Mattias Weinhandl 37) at 15:28
8. Patriotes , Timothy Kunes 10 (Tomas Kurka 39, Christian Hanson 35) at 16:39 (PP)

Penalties :
Zenon Konopka (Nyc) for Holding Stick (Minor) at 5:04, David Laliberté (Vic) for Hooking (Minor) at 16:22

Goalie Stats

Marek Schwarz (Nyc), 24 saves from 26 shots - (0.923), W, 29-22-3, 60:00 minutes
Joe Cannata (Vic), 31 saves from 37 shots - (0.838), L, 9-13-1, 60:00 minutes

Players Stats for Patriotes

Player Name              G  A  P  +/- PIM S  H  SB GA TA FO     MP     PP MP  PK MP  
------------------------------------------------------------------------------------
Andrew Gordon            0  0  0   0  0   5  5  0  0  1  2/2    20:39   2:34   2:33 
Anthony Bitetto          0  0  0   1  0   0  1  1  0  0  0/0    18:47   1:28   1:16 
Austin Watson            0  0  0   1  0   0  3  0  0  0  0/0     7:40   0:00   0:00 
Christian Hanson         0  1  1   0  0   4  1  2  0  0  10/21  19:25   2:34   1:32 
Fedor Fedorov            1  0  1   2  0   3  3  0  0  0  1/2    17:03   1:37   0:33 
Jordie Benn              0  0  0   1  0   0  0  0  0  1  0/0    19:02   1:28   1:29 
Lauri Tukonen            0  0  0   1  0   0  1  1  1  1  0/0    13:14   0:04   0:00 
Mathieu Perreault        0  0  0   1  0   3  2  1  0  0  3/5    13:34   0:00   1:14 
Matt Calvert             1  0  1   1  0   5  1  0  0  0  0/0    13:14   0:04   0:00 
Mattias Weinhandl        0  3  3   2  2   6  1  1  0  0  0/0    17:07   1:37   0:25 
Melker Karlsson          1  0  1   1  0   1  0  0  1  0  0/0     7:46   0:00   0:06 
Mike Funk                0  1  1   2  0   0  1  0  0  0  0/0    13:39   0:00   0:37 
Robbie Russo             0  0  0   3  0   1  2  0  0  2  0/0    13:18   0:00   1:01 
Ryan Wilson              0  0  0   0  2   3  1  1  0  0  0/0    27:29   2:47   1:48 
Timothy Kunes            1  2  3   1  0   1  2  1  1  1  0/0    27:46   2:47   2:49 
Tomas Kurka              0  1  1   0  0   1  1  0  3  0  3/6    20:43   2:34   2:37 
Zach Budish              0  0  0   1  0   0  1  0  0  0  0/0     8:34   0:04   0:00 
Zenon Konopka            2  1  3   2  2   4  3  1  1  1  6/17   16:27   1:37   0:00 

Players Stats for Demolitions

Player Name              G  A  P  +/- PIM S  H  SB GA TA FO     MP     PP MP  PK MP  
------------------------------------------------------------------------------------
Andrew Campbell          0  0  0   0  0   0  0  2  0  0  0/0     9:23   0:00   0:00 
Billy Sweat              0  0  0  -1  0   2  1  0  1  1  0/1    18:23   1:55   0:00 
Bobby Butler             1  1  2  -1  0   4  0  0  1  0  4/5    24:27   2:29   2:48 
Cameron Schilling        1  0  1  -2  0   4  1  3  0  0  0/0    25:44   2:18   3:02 
Corban Knight            0  0  0  -1  0   0  1  0  0  0  1/2     6:51   0:06   0:41 
Darren Helm              0  0  0   0  0   4  0  0  0  0  12/27  17:49   2:29   1:00 
David Laliberté          0  0  0  -2  2   1  1  0  0  0  0/0    14:32   0:06   0:00 
David Rundblad           0  1  1  -2  0   1  1  2  1  1  0/0    18:32   2:12   1:13 
Doug Janik               0  0  0  -2  0   3  1  0  0  1  0/0    25:50   2:18   3:02 
Josh Beaulieu            0  0  0  -2  0   0  1  0  0  2  0/0    14:38   0:00   0:27 
Marek Zagrapan           0  0  0  -1  0   1  2  0  0  0  9/14   18:23   1:55   0:00 
Matt D'Agostini          0  0  0  -1  0   2  4  1  0  0  0/0    19:31   1:55   1:00 
Nick Pryor               0  0  0   0  0   0  0  0  0  0  0/0     7:07   0:00   0:00 
Nicolas Blanchard        0  0  0  -2  2   0  2  0  1  0  2/3    15:09   0:06   0:00 
Robert Bortuzzo          0  0  0   0  0   0  1  0  0  0  0/0     9:23   0:00   0:00 
Ryan Vesce               0  2  2  -1  0   3  1  0  2  0  0/1    24:10   2:29   2:34 
Seth Helgeson            0  0  0  -2  0   1  1  0  1  2  0/0    18:25   2:12   1:13 
Taylor Aronson           0  0  0   0  2   0  0  0  0  0  0/0     7:25   0:00   0:00 

3 Stars

1 - Zenon Konopka (Nyc)
2 - Timothy Kunes (Nyc)
3 - Fedor Fedorov (Nyc)

Power Play

Patriotes - 1 on 3 Attempt(s) - 33.33%
Demolitions - 1 on 3 Attempt(s) - 33.33%

Penalty Kill

Patriotes - 2 on 3 Attempt(s) - 66.67% - Score 0 goal in Penalty Kill
Demolitions - 2 on 3 Attempt(s) - 66.67% - Score 0 goal in Penalty Kill

Team Stat

Patriotes - Hits : 29 - Faceoff Wins : 25 - Blocked Shots : 9 - Penalty Minutes : 6
Demolitions - Hits : 18 - Faceoff Wins : 28 - Blocked Shots : 8 - Penalty Minutes : 6

Official

Referees : Banfield David and Walkom Stephen
Linesman : Greg Devorski and Tony Sericolo

Game Notes

No Game Note

Finance

Level 1 -- Attendance: 1390 (69.50%) -- Ticket Income $48,650
Level 2 -- Attendance: 745 (74.50%) -- Ticket Income $11,175
Total Attendance: 2135 (71.17%)
Total Ticket Income: $59,825
Other Income: $2,991
Total Income: $62,816

Patriotes

5 vs 5 Forward 
   Center                   Left Wing                Right Wing               Time % Phy DF OF 
 1 Christian Hanson         Tomas Kurka              Andrew Gordon            40     1   2  2  
 2 Zenon Konopka            Fedor Fedorov            Mattias Weinhandl        30     1   2  2  
 3 Mathieu Perreault        Matt Calvert             Lauri Tukonen            20     1   2  2  
 4 Melker Karlsson          Austin Watson            Zach Budish              10     1   2  2  

5 vs 5 Defense 
   Defense                  Defense                                           Time % Phy DF OF 
 1 Ryan Wilson              Timothy Kunes                                     40     1   2  2  
 2 Jordie Benn              Anthony Bitetto                                   30     1   2  2  
 3 Mike Funk                Robbie Russo                                      20     1   2  2  
 4 Ryan Wilson              Timothy Kunes                                     10     1   2  2  

PowerPlay Forward 
   Center                   Left Wing                Right Wing               Time % Phy DF OF 
 1 Christian Hanson         Tomas Kurka              Andrew Gordon            60     1   2  2  
 2 Zenon Konopka            Fedor Fedorov            Mattias Weinhandl        40     1   2  2  

PowerPlay Defense
   Defense                  Defense                                           Time % Phy DF OF 
 1 Ryan Wilson              Timothy Kunes                                     60     1   2  2  
 2 Jordie Benn              Anthony Bitetto                                   40     1   2  2  

Penalty Kill 4 Players Forward 
   Center                   Wing                     Time % Phy DF OF 
 1 Tomas Kurka              Andrew Gordon            60     1   2  2  
 2 Mattias Weinhandl        Christian Hanson         40     1   2  2  

Penalty Kill 4 Players Defense
   Defense                  Defense                  Time % Phy DF OF 
 1 Ryan Wilson              Timothy Kunes            60     1   2  2  
 2 Jordie Benn              Anthony Bitetto          40     1   2  2  

Penalty Kill - 3 Players Forward 
   Forward                                           Time % Phy DF OF 
 1 Tomas Kurka                                       60     1   2  2  
 2 Andrew Gordon                                     40     1   2  2  

Penalty Kill - 3 Players Defense
   Defense                  Defense                  Time % Phy DF OF 
 1 Ryan Wilson              Timothy Kunes            60     1   2  2  
 2 Jordie Benn              Anthony Bitetto          40     1   2  2  

4 vs 4 Forward 
   Center                   Wing                     Time % Phy DF OF 
 1 Tomas Kurka              Andrew Gordon            60     1   2  2  
 2 Mattias Weinhandl        Christian Hanson         40     1   2  2  

4 vs 4 Defense
   Defense                  Defense                  Time % Phy DF OF 
 1 Ryan Wilson              Timothy Kunes            60     1   2  2  
 2 Jordie Benn              Anthony Bitetto          40     1   2  2  

Last Minutes Offensive
   Center                   Left Wing                Right Wing               Defense                  Defense                  
   Christian Hanson         Tomas Kurka              Andrew Gordon            Ryan Wilson              Timothy Kunes            

Last Minutes Defensive
   Center                   Left Wing                Right Wing               Defense                  Defense                  
   Christian Hanson         Tomas Kurka              Andrew Gordon            Ryan Wilson              Timothy Kunes            

Goaltenders
Starting : Marek Schwarz            
Backup : Jason Missiaen           

Extra Forwards
Normal : Matt Calvert, Lauri Tukonen, Mathieu Perreault - PP : Matt Calvert, Lauri Tukonen - PK : Mathieu Perreault
Extra Defensemen
Normal : Mike Funk, Robbie Russo, Jordie Benn - PP : Mike Funk - PK : Robbie Russo, Jordie Benn
Penalty Shots
Tomas Kurka, Andrew Gordon, Mattias Weinhandl, Christian Hanson, Fedor Fedorov

Scratches
Barry Tallackson (Torn Left MCL Injury), Jared Knight (Healthy), Scott Glennie (Healthy), Stephen Johns (Healthy), Leland Irving (Healthy)

Demolitions

5 vs 5 Forward 
   Center                   Left Wing                Right Wing               Time % Phy DF OF 
 1 Darren Helm              Bobby Butler             Ryan Vesce               40     1   2  2  
 2 Marek Zagrapan           Billy Sweat              Matt D'Agostini          30     1   2  2  
 3 Nicolas Blanchard        Josh Beaulieu            David Laliberté          20     1   2  2  
 4 Corban Knight            Bobby Butler             Ryan Vesce               10     1   2  2  

5 vs 5 Defense 
   Defense                  Defense                                           Time % Phy DF OF 
 1 Doug Janik               Cameron Schilling                                 40     1   2  2  
 2 Seth Helgeson            David Rundblad                                    30     1   2  2  
 3 Andrew Campbell          Robert Bortuzzo                                   20     1   2  2  
 4 Taylor Aronson           Nick Pryor                                        10     1   2  2  

PowerPlay Forward 
   Center                   Left Wing                Right Wing               Time % Phy DF OF 
 1 Darren Helm              Bobby Butler             Ryan Vesce               60     1   2  2  
 2 Marek Zagrapan           Billy Sweat              Matt D'Agostini          40     1   2  2  

PowerPlay Defense
   Defense                  Defense                                           Time % Phy DF OF 
 1 Doug Janik               Cameron Schilling                                 60     1   2  2  
 2 Seth Helgeson            David Rundblad                                    40     1   2  2  

Penalty Kill 4 Players Forward 
   Center                   Wing                     Time % Phy DF OF 
 1 Bobby Butler             Ryan Vesce               60     1   2  2  
 2 Darren Helm              Matt D'Agostini          40     1   2  2  

Penalty Kill 4 Players Defense
   Defense                  Defense                  Time % Phy DF OF 
 1 Doug Janik               Cameron Schilling        60     1   2  2  
 2 Seth Helgeson            David Rundblad           40     1   2  2  

Penalty Kill - 3 Players Forward 
   Forward                                           Time % Phy DF OF 
 1 Bobby Butler                                      60     1   2  2  
 2 Ryan Vesce                                        40     1   2  2  

Penalty Kill - 3 Players Defense
   Defense                  Defense                  Time % Phy DF OF 
 1 Doug Janik               Cameron Schilling        60     1   2  2  
 2 Seth Helgeson            David Rundblad           40     1   2  2  

4 vs 4 Forward 
   Center                   Wing                     Time % Phy DF OF 
 1 Bobby Butler             Ryan Vesce               60     1   2  2  
 2 Darren Helm              Matt D'Agostini          40     1   2  2  

4 vs 4 Defense
   Defense                  Defense                  Time % Phy DF OF 
 1 Doug Janik               Cameron Schilling        60     1   2  2  
 2 Seth Helgeson            David Rundblad           40     1   2  2  

Last Minutes Offensive
   Center                   Left Wing                Right Wing               Defense                  Defense                  
   Darren Helm              Bobby Butler             Ryan Vesce               Doug Janik               Cameron Schilling        

Last Minutes Defensive
   Center                   Left Wing                Right Wing               Defense                  Defense                  
   Darren Helm              Bobby Butler             Ryan Vesce               Doug Janik               Cameron Schilling        

Goaltenders
Starting : Joe Cannata              
Backup : Jussi Rynnas             

Extra Forwards
Normal : David Laliberté, Nicolas Blanchard, Corban Knight - PP : David Laliberté, Nicolas Blanchard - PK : Corban Knight
Extra Defensemen
Normal : Andrew Campbell, Robert Bortuzzo, Taylor Aronson - PP : Andrew Campbell - PK : Robert Bortuzzo, Taylor Aronson
Penalty Shots
Bobby Butler, Ryan Vesce, Darren Helm, Matt D'Agostini, Marek Zagrapan

Scratches
Alex Hutchings (Broken Bone (Right Ankle) Injury)

% Time on Ice - Patriotes

Lines # - Real PCT - Wanted PCT - Time Play
Normal Forward
1 - 33% - 40% - 16:52
2 - 29% - 30% - 14:51
3 - 23% - 20% - 11:52
4 - 15% - 10% - 7:40
Normal Defense
1 - 40% - 40% - 20:23
2 - 31% - 30% - 16:03
3 - 23% - 20% - 12:00
4 - 5% - 10% - 2:49
PP Forward
1 - 62% - 60% - 2:38
2 - 38% - 40% - 1:37
PP Defense
1 - 65% - 60% - 2:47
2 - 35% - 40% - 1:28
PK Forward
1 - 71% - 60% - 3:13
2 - 29% - 40% - 1:17
PK Defense
1 - 76% - 60% - 3:26
2 - 24% - 40% - 1:04
PK3 Forward
1 - 0% - 60%
2 - 0% - 40%
PK3 Defense
1 - 0% - 60%
2 - 0% - 40%
44 Forward
1 - 0% - 60%
2 - 0% - 40%
44 Defense
1 - 0% - 60%
2 - 0% - 40%
Last Minute Offensive  - 0:00
Last Minute Defensive  - 0:00
Total
Forward - 60:00
Defense - 60:00

% Time on Ice - Demolitions

Lines # - Real PCT - Wanted PCT - Time Play
Normal Forward
1 - 30% - 40% - 15:29
2 - 33% - 30% - 17:08
3 - 28% - 20% - 14:11
4 - 9% - 10% - 4:27
Normal Defense
1 - 40% - 40% - 20:24
2 - 28% - 30% - 14:36
3 - 18% - 20% - 9:08
4 - 14% - 10% - 7:07
PP Forward
1 - 57% - 60% - 2:35
2 - 43% - 40% - 1:55
PP Defense
1 - 51% - 60% - 2:18
2 - 49% - 40% - 2:12
PK Forward
1 - 76% - 60% - 3:15
2 - 24% - 40% - 1:00
PK Defense
1 - 71% - 60% - 3:02
2 - 29% - 40% - 1:13
PK3 Forward
1 - 0% - 60%
2 - 0% - 40%
PK3 Defense
1 - 0% - 60%
2 - 0% - 40%
44 Forward
1 - 0% - 60%
2 - 0% - 40%
44 Defense
1 - 0% - 60%
2 - 0% - 40%
Last Minute Offensive  - 0:00
Last Minute Defensive  - 0:00
Total
Forward - 60:00
Defense - 60:00

Play by Play

1st period


0:01 of 1st period - Darren Helm wins face-off versus Christian Hanson in neutral zone.
0:38 of 1st period - Slapshot by Mathieu Perreault.
0:38 of 1st period - Stopped by Joe Cannata without a rebound.
0:39 of 1st period - Marek Zagrapan wins face-off versus Zenon Konopka in Demolitions zone.
0:39 of 1st period - Marek Zagrapan is hit by Robbie Russo.
0:48 of 1st period - Minor Penalty to Mattias Weinhandl for Hooking.
0:49 of 1st period - Bobby Butler wins face-off versus Tomas Kurka in Patriotes zone.
1:23 of 1st period - Slapshot by Ryan Wilson.
1:23 of 1st period - Stopped by Joe Cannata with a rebound.
2:45 of 1st period - Andrew Gordon is hit by Corban Knight and loses puck.
2:48 of 1st period - Penalty to Mattias Weinhandl is over, Mattias Weinhandl is back on ice.
3:02 of 1st period - Wrist shot by Andrew Gordon.
3:02 of 1st period - Deflect By Tomas Kurka.
3:02 of 1st period - Shot Misses the Net.
3:02 of 1st period - Puck is out of play.
3:03 of 1st period - Nicolas Blanchard wins face-off versus Zenon Konopka in Demolitions zone.
3:08 of 1st period - Mattias Weinhandl is hit by Nicolas Blanchard and loses puck.
3:15 of 1st period - Slapshot by Fedor Fedorov.
3:15 of 1st period - Shot Blocked by Andrew Campbell.
3:19 of 1st period - Snap shot by Mattias Weinhandl.
3:19 of 1st period - Stopped by Joe Cannata without a rebound.
3:20 of 1st period - Marek Zagrapan wins face-off versus Mathieu Perreault in Demolitions zone.
3:25 of 1st period - Ryan Wilson is hit by Matt D'Agostini and loses puck.
3:32 of 1st period - Snap shot by Matt Calvert.
3:32 of 1st period - Stopped by Joe Cannata with a rebound.
3:34 of 1st period - Slapshot by Ryan Wilson.
3:34 of 1st period - Stopped by Joe Cannata without a rebound.
3:35 of 1st period - Darren Helm wins face-off versus Zenon Konopka in Demolitions zone.
3:40 of 1st period - Slapshot by Ryan Vesce.
3:40 of 1st period - Shot Misses the Net.
3:42 of 1st period - Slapshot by David Rundblad.
3:42 of 1st period - Deflect By Bobby Butler.
3:42 of 1st period - Goal by Bobby Butler - Patriotes : 0 - Demolitions : 1.
3:43 of 1st period - Christian Hanson wins face-off versus Billy Sweat in neutral zone.
3:46 of 1st period - Snap shot by Andrew Gordon.
3:46 of 1st period - Stopped by Joe Cannata with a rebound.
4:17 of 1st period - Doug Janik is hit by Fedor Fedorov and loses puck.
4:32 of 1st period - Seth Helgeson is hit by Zach Budish and loses puck.
5:08 of 1st period - Snap shot by Andrew Gordon.
5:08 of 1st period - Stopped by Joe Cannata with a rebound.
5:10 of 1st period - Snap shot by Christian Hanson.
5:10 of 1st period - Stopped by Joe Cannata with a rebound.
5:12 of 1st period - Snap shot by Christian Hanson.
5:12 of 1st period - Shot Misses the Net.
5:14 of 1st period - Wrist shot by Tomas Kurka.
5:14 of 1st period - Shot Misses the Net.
5:16 of 1st period - Snap shot by Christian Hanson.
5:16 of 1st period - Shot Blocked by Andrew Campbell.
5:30 of 1st period - Snap shot by Nicolas Blanchard.
5:30 of 1st period - Shot Blocked by Zenon Konopka.
6:05 of 1st period - Cameron Schilling is hit by Mathieu Perreault and loses puck.
6:39 of 1st period - Minor Penalty to Nicolas Blanchard for Interference.
6:40 of 1st period - Bobby Butler wins face-off versus Christian Hanson in Demolitions zone.
7:33 of 1st period - Anthony Bitetto is hit by David Rundblad and loses puck.
8:38 of 1st period - Wrist shot by Matt Calvert.
8:38 of 1st period - Shot Misses the Net.
8:39 of 1st period - Penalty to Nicolas Blanchard is over, Nicolas Blanchard is back on ice.
8:46 of 1st period - Ryan Wilson is hit by Cameron Schilling and loses puck.
8:53 of 1st period - Snap shot by Ryan Vesce.
8:53 of 1st period - Shot Misses the Net.
9:14 of 1st period - Snap shot by Matt Calvert.
9:14 of 1st period - Shot Misses the Net.
9:56 of 1st period - Wrist shot by Ryan Vesce.
9:56 of 1st period - Stopped by Marek Schwarz without a rebound.
9:57 of 1st period - Marek Zagrapan wins face-off versus Zenon Konopka in Patriotes zone.
10:00 of 1st period - Wrist shot by Billy Sweat.
10:00 of 1st period - Stopped by Marek Schwarz with a rebound.
10:08 of 1st period - Wrist shot by Mattias Weinhandl.
10:08 of 1st period - Stopped by Joe Cannata with a rebound.
10:28 of 1st period - Snap shot by David Laliberté.
10:28 of 1st period - Shot Misses the Net.
10:50 of 1st period - Robbie Russo is hit by Matt D'Agostini and loses puck.
11:50 of 1st period - Slapshot by Cameron Schilling.
11:50 of 1st period - Stopped by Marek Schwarz with a rebound.
11:52 of 1st period - Slapshot by Doug Janik.
11:52 of 1st period - Shot Blocked by Mattias Weinhandl.
12:42 of 1st period - Matt D'Agostini is hit by Mike Funk and loses puck.
13:19 of 1st period - David Rundblad is hit by Andrew Gordon.
14:23 of 1st period - Wrist shot by Matt Calvert.
14:23 of 1st period - Goal by Matt Calvert - Patriotes : 1 - Demolitions : 1.
14:24 of 1st period - Marek Zagrapan wins face-off versus Christian Hanson in neutral zone.
14:35 of 1st period - Slapshot by Ryan Wilson.
14:35 of 1st period - Stopped by Joe Cannata without a rebound.
14:36 of 1st period - Darren Helm wins face-off versus Zenon Konopka in Demolitions zone.
14:36 of 1st period - Darren Helm is hit by Zenon Konopka.
16:02 of 1st period - Wrist shot by Zenon Konopka.
16:02 of 1st period - Shot Misses the Net.
16:08 of 1st period - Wrist shot by Mattias Weinhandl.
16:08 of 1st period - Deflect By Zenon Konopka.
16:08 of 1st period - Stopped by Joe Cannata without a rebound.
16:09 of 1st period - Christian Hanson wins face-off versus Darren Helm in Demolitions zone.
16:10 of 1st period - Wrist shot by Andrew Gordon.
16:10 of 1st period - Shot Misses the Net.
16:24 of 1st period - Snap shot by Darren Helm.
16:24 of 1st period - Stopped by Marek Schwarz with a rebound.
16:48 of 1st period - Zenon Konopka is hit by Josh Beaulieu and loses puck.
17:03 of 1st period - Snap shot by Marek Zagrapan.
17:03 of 1st period - Shot Misses the Net.
17:09 of 1st period - Marek Zagrapan is hit by Mathieu Perreault.
17:13 of 1st period - Billy Sweat is hit by Matt Calvert and loses puck.
17:58 of 1st period - Off-side.
17:59 of 1st period - Corban Knight wins face-off versus Zenon Konopka in neutral zone.
18:50 of 1st period - Josh Beaulieu is hit by Lauri Tukonen and loses puck.
18:59 of 1st period - Snap shot by Lauri Tukonen.
18:59 of 1st period - Deflect By Matt Calvert.
18:59 of 1st period - Stopped by Joe Cannata without a rebound.
19:00 of 1st period - Zenon Konopka wins face-off versus Darren Helm in Demolitions zone.
19:13 of 1st period - Snap shot by Mattias Weinhandl.
19:13 of 1st period - Stopped by Joe Cannata with a rebound.
19:15 of 1st period - Wrist shot by Mattias Weinhandl.
19:15 of 1st period - Shot Hit the Post.
19:42 of 1st period - Ryan Wilson is hit by Ryan Vesce and loses puck.
19:57 of 1st period - Wrist shot by Darren Helm.
19:57 of 1st period - Shot Blocked by Lauri Tukonen.
19:59 of 1st period - Snap shot by Darren Helm.
19:59 of 1st period - Stopped by Marek Schwarz with a rebound.
Goals for this period are 1 for Patriotes vs 1 for Demolitions.
Shots for this period are 14 for Patriotes vs 6 for Demolitions.

2nd period


0:01 of 2nd period - Darren Helm wins face-off versus Christian Hanson in neutral zone.
0:28 of 2nd period - Billy Sweat is hit by Timothy Kunes and loses puck.
0:54 of 2nd period - Icing by Seth Helgeson.
0:55 of 2nd period - Nicolas Blanchard wins face-off versus Mathieu Perreault in Demolitions zone.
1:20 of 2nd period - Snap shot by Matt Calvert.
1:20 of 2nd period - Stopped by Joe Cannata without a rebound.
1:21 of 2nd period - Christian Hanson wins face-off versus Darren Helm in Demolitions zone.
1:24 of 2nd period - Wrist shot by Christian Hanson.
1:24 of 2nd period - Shot Hit the Post.
1:26 of 2nd period - Snap shot by Christian Hanson.
1:26 of 2nd period - Stopped by Joe Cannata without a rebound.
1:27 of 2nd period - Darren Helm wins face-off versus Christian Hanson in Demolitions zone.
1:30 of 2nd period - Slapshot by Tomas Kurka.
1:30 of 2nd period - Stopped by Joe Cannata with a rebound.
1:54 of 2nd period - Wrist shot by Billy Sweat.
1:54 of 2nd period - Shot Misses the Net.
2:18 of 2nd period - Slapshot by Nicolas Blanchard.
2:18 of 2nd period - Shot Misses the Net.
2:30 of 2nd period - Minor Penalty to Ryan Wilson for Hooking.
2:31 of 2nd period - Tomas Kurka wins face-off versus Darren Helm in Patriotes zone.
2:56 of 2nd period - Tomas Kurka is hit by Marek Zagrapan and loses puck.
4:24 of 2nd period - Matt D'Agostini is hit by Fedor Fedorov and loses puck.
4:30 of 2nd period - Penalty to Ryan Wilson is over, Ryan Wilson is back on ice.
4:46 of 2nd period - Josh Beaulieu is hit by Austin Watson and loses puck.
5:02 of 2nd period - Wrist shot by Mathieu Perreault.
5:02 of 2nd period - Stopped by Joe Cannata with a rebound.
5:06 of 2nd period - Slapshot by Matt Calvert.
5:06 of 2nd period - Shot Misses the Net.
5:56 of 2nd period - Icing by Doug Janik.
5:57 of 2nd period - Andrew Gordon wins face-off versus Marek Zagrapan in Demolitions zone.
6:24 of 2nd period - Cameron Schilling is hit by Zenon Konopka and loses puck.
6:28 of 2nd period - Icing by Cameron Schilling.
6:29 of 2nd period - Zenon Konopka wins face-off versus Corban Knight in Demolitions zone.
6:42 of 2nd period - Wrist shot by Mattias Weinhandl.
6:42 of 2nd period - Shot Blocked by David Rundblad.
6:44 of 2nd period - Snap shot by Zenon Konopka.
6:44 of 2nd period - Deflect By Fedor Fedorov.
6:44 of 2nd period - Stopped by Joe Cannata with a rebound.
6:46 of 2nd period - Slapshot by Mike Funk.
6:46 of 2nd period - Shot Misses the Net.
6:50 of 2nd period - Slapshot by Mattias Weinhandl.
6:50 of 2nd period - Shot Misses the Net.
6:52 of 2nd period - Snap shot by Mattias Weinhandl.
6:52 of 2nd period - Stopped by Joe Cannata with a rebound.
6:54 of 2nd period - Snap shot by Timothy Kunes.
6:54 of 2nd period - Shot Misses the Net.
6:56 of 2nd period - Slapshot by Mattias Weinhandl.
6:56 of 2nd period - Shot Blocked by David Rundblad.
6:58 of 2nd period - Snap shot by Zenon Konopka.
6:58 of 2nd period - Goal by Zenon Konopka - Patriotes : 2 - Demolitions : 1.
6:59 of 2nd period - Marek Zagrapan wins face-off versus Christian Hanson in neutral zone.
7:05 of 2nd period - Icing by Ryan Wilson.
7:06 of 2nd period - Marek Zagrapan wins face-off versus Christian Hanson in Patriotes zone.
7:07 of 2nd period - Wrist shot by Matt D'Agostini.
7:07 of 2nd period - Stopped by Marek Schwarz with a rebound.
7:09 of 2nd period - Slapshot by David Rundblad.
7:09 of 2nd period - Stopped by Marek Schwarz with a rebound.
7:47 of 2nd period - Matt D'Agostini is hit by Tomas Kurka and loses puck.
8:42 of 2nd period - Slapshot by Matt D'Agostini.
8:42 of 2nd period - Stopped by Marek Schwarz with a rebound.
8:44 of 2nd period - Slapshot by David Rundblad.
8:44 of 2nd period - Deflect By Marek Zagrapan.
8:44 of 2nd period - Shot Misses the Net.
8:44 of 2nd period - Puck is out of play.
8:45 of 2nd period - Darren Helm wins face-off versus Zenon Konopka in Patriotes zone.
8:57 of 2nd period - Icing by Zenon Konopka.
8:58 of 2nd period - Darren Helm wins face-off versus Fedor Fedorov in Patriotes zone.
9:05 of 2nd period - Slapshot by Bobby Butler.
9:05 of 2nd period - Stopped by Marek Schwarz without a rebound.
9:06 of 2nd period - Zenon Konopka wins face-off versus Darren Helm in Patriotes zone.
9:19 of 2nd period - Slapshot by Cameron Schilling.
9:19 of 2nd period - Stopped by Marek Schwarz without a rebound.
9:20 of 2nd period - Mathieu Perreault wins face-off versus Darren Helm in Patriotes zone.
10:28 of 2nd period - Wrist shot by David Laliberté.
10:28 of 2nd period - Shot Blocked by Christian Hanson.
10:58 of 2nd period - Mattias Weinhandl is hit by Marek Zagrapan and loses puck.
11:08 of 2nd period - Minor Penalty to Taylor Aronson for Tripping.
11:09 of 2nd period - Bobby Butler wins face-off versus Christian Hanson in Demolitions zone.
11:19 of 2nd period - Ryan Vesce is hit by Andrew Gordon and loses puck.
11:32 of 2nd period - Doug Janik is hit by Ryan Wilson and loses puck.
11:45 of 2nd period - Wrist shot by Andrew Gordon.
11:45 of 2nd period - Stopped by Joe Cannata with a rebound.
11:54 of 2nd period - Icing by Timothy Kunes.
11:55 of 2nd period - Christian Hanson wins face-off versus Darren Helm in Patriotes zone.
11:59 of 2nd period - Off-side.
12:00 of 2nd period - Fedor Fedorov wins face-off versus Darren Helm in neutral zone.
13:08 of 2nd period - Penalty to Taylor Aronson is over, Taylor Aronson is back on ice.
13:26 of 2nd period - Icing by Matt Calvert.
13:27 of 2nd period - Mathieu Perreault wins face-off versus Marek Zagrapan in Patriotes zone.
13:39 of 2nd period - Wrist shot by Marek Zagrapan.
13:39 of 2nd period - Stopped by Marek Schwarz without a rebound.
13:40 of 2nd period - Andrew Gordon wins face-off versus Bobby Butler in Patriotes zone.
13:47 of 2nd period - Snap shot by Ryan Vesce.
13:47 of 2nd period - Shot Blocked by Ryan Wilson.
13:53 of 2nd period - Doug Janik is hit by Andrew Gordon and loses puck.
14:33 of 2nd period - Wrist shot by David Laliberté.
14:33 of 2nd period - Shot Misses the Net.
14:35 of 2nd period - Wrist shot by Doug Janik.
14:35 of 2nd period - Shot Blocked by Anthony Bitetto.
14:59 of 2nd period - Ryan Vesce is hit by Christian Hanson and loses puck.
15:16 of 2nd period - Snap shot by Zenon Konopka.
15:16 of 2nd period - Shot Misses the Net.
15:22 of 2nd period - Wrist shot by Mattias Weinhandl.
15:22 of 2nd period - Stopped by Joe Cannata without a rebound.
15:23 of 2nd period - Marek Zagrapan wins face-off versus Christian Hanson in Demolitions zone.
15:32 of 2nd period - Slapshot by Matt D'Agostini.
15:32 of 2nd period - Shot Blocked by Christian Hanson.
15:36 of 2nd period - Snap shot by Billy Sweat.
15:36 of 2nd period - Stopped by Marek Schwarz with a rebound.
15:38 of 2nd period - Backhand shot by Seth Helgeson.
15:38 of 2nd period - Stopped by Marek Schwarz with a rebound.
15:53 of 2nd period - Wrist shot by Zenon Konopka.
15:53 of 2nd period - Stopped by Joe Cannata with a rebound.
16:17 of 2nd period - Snap shot by Mathieu Perreault.
16:17 of 2nd period - Stopped by Joe Cannata with a rebound.
16:23 of 2nd period - Mathieu Perreault is hit by Nicolas Blanchard and loses puck.
16:30 of 2nd period - Wrist shot by David Laliberté.
16:30 of 2nd period - Deflect By Nicolas Blanchard.
16:30 of 2nd period - Shot Misses the Net.
16:30 of 2nd period - Puck is out of play.
16:31 of 2nd period - Christian Hanson wins face-off versus Darren Helm in Patriotes zone.
16:44 of 2nd period - Backhand shot by Christian Hanson.
16:44 of 2nd period - Shot Misses the Net.
16:46 of 2nd period - Snap shot by Tomas Kurka.
16:46 of 2nd period - Shot Blocked by Cameron Schilling.
18:06 of 2nd period - Slapshot by Christian Hanson.
18:06 of 2nd period - Stopped by Joe Cannata with a rebound.
18:08 of 2nd period - Snap shot by Christian Hanson.
18:08 of 2nd period - Shot Misses the Net.
18:17 of 2nd period - Icing by Josh Beaulieu.
18:18 of 2nd period - Marek Zagrapan wins face-off versus Zenon Konopka in Demolitions zone.
19:03 of 2nd period - Mathieu Perreault is hit by Robert Bortuzzo and loses puck.
19:26 of 2nd period - Snap shot by Fedor Fedorov.
19:26 of 2nd period - Stopped by Joe Cannata with a rebound.
Goals for this period are 1 for Patriotes vs 0 for Demolitions.
Shots for this period are 13 for Patriotes vs 8 for Demolitions.

3rd period


0:01 of 3rd period - Christian Hanson wins face-off versus Darren Helm in neutral zone.
0:16 of 3rd period - Wrist shot by Andrew Gordon.
0:16 of 3rd period - Stopped by Joe Cannata with a rebound.
0:26 of 3rd period - Ryan Wilson is hit by Billy Sweat.
0:30 of 3rd period - Matt D'Agostini is hit by Zenon Konopka and loses puck.
0:37 of 3rd period - Slapshot by Doug Janik.
0:37 of 3rd period - Stopped by Marek Schwarz with a rebound.
0:56 of 3rd period - Wrist shot by Nicolas Blanchard.
0:56 of 3rd period - Shot Misses the Net.
1:28 of 3rd period - Backhand shot by Tomas Kurka.
1:28 of 3rd period - Shot Misses the Net.
1:30 of 3rd period - Slapshot by Andrew Gordon.
1:30 of 3rd period - Stopped by Joe Cannata with a rebound.
1:32 of 3rd period - Snap shot by Christian Hanson.
1:32 of 3rd period - Shot Misses the Net.
1:42 of 3rd period - Robert Bortuzzo is hit by Fedor Fedorov and loses puck.
2:44 of 3rd period - Fedor Fedorov is hit by Matt D'Agostini and loses puck.
3:52 of 3rd period - Slapshot by Ryan Wilson.
3:52 of 3rd period - Shot Hit the Post.
4:09 of 3rd period - Slapshot by Timothy Kunes.
4:09 of 3rd period - Shot Blocked by Cameron Schilling.
4:13 of 3rd period - Snap shot by Zach Budish.
4:13 of 3rd period - Deflect By Austin Watson.
4:13 of 3rd period - Shot Blocked by Cameron Schilling.
4:13 of 3rd period - Puck is out of play.
4:14 of 3rd period - Zenon Konopka wins face-off versus Marek Zagrapan in Demolitions zone.
4:25 of 3rd period - Snap shot by Fedor Fedorov.
4:25 of 3rd period - Goal by Fedor Fedorov - Patriotes : 3 - Demolitions : 1.
4:26 of 3rd period - Darren Helm wins face-off versus Christian Hanson in neutral zone.
4:42 of 3rd period - Off-side.
4:43 of 3rd period - Marek Zagrapan wins face-off versus Zenon Konopka in neutral zone.
5:04 of 3rd period - Minor Penalty to Zenon Konopka for Holding Stick.
5:05 of 3rd period - Darren Helm wins face-off versus Tomas Kurka in Patriotes zone.
5:06 of 3rd period - Snap shot by Bobby Butler.
5:06 of 3rd period - Shot Misses the Net.
5:08 of 3rd period - Wrist shot by Ryan Vesce.
5:08 of 3rd period - Shot Misses the Net.
5:10 of 3rd period - Snap shot by Darren Helm.
5:10 of 3rd period - Deflect By Bobby Butler.
5:10 of 3rd period - Stopped by Marek Schwarz without a rebound.
5:11 of 3rd period - Darren Helm wins face-off versus Tomas Kurka in Patriotes zone.
5:14 of 3rd period - Snap shot by Bobby Butler.
5:14 of 3rd period - Stopped by Marek Schwarz without a rebound.
5:15 of 3rd period - Tomas Kurka wins face-off versus Ryan Vesce in Patriotes zone.
5:26 of 3rd period - Snap shot by Ryan Vesce.
5:26 of 3rd period - Stopped by Marek Schwarz with a rebound.
5:28 of 3rd period - Snap shot by Darren Helm.
5:28 of 3rd period - Stopped by Marek Schwarz with a rebound.
5:34 of 3rd period - Snap shot by Bobby Butler.
5:34 of 3rd period - Shot Misses the Net.
5:36 of 3rd period - Slapshot by Cameron Schilling.
5:36 of 3rd period - Goal by Cameron Schilling - Patriotes : 3 - Demolitions : 2.
5:37 of 3rd period - Christian Hanson wins face-off versus Darren Helm in neutral zone.
6:02 of 3rd period - Icing by Bobby Butler.
6:03 of 3rd period - Darren Helm wins face-off versus Zenon Konopka in Demolitions zone.
6:03 of 3rd period - Darren Helm is hit by Mattias Weinhandl.
6:52 of 3rd period - Snap shot by Darren Helm.
6:52 of 3rd period - Shot Blocked by Timothy Kunes.
7:36 of 3rd period - Wrist shot by Mattias Weinhandl.
7:36 of 3rd period - Shot Misses the Net.
8:07 of 3rd period - Snap shot by Matt Calvert.
8:07 of 3rd period - Stopped by Joe Cannata with a rebound.
8:09 of 3rd period - Slapshot by Robbie Russo.
8:09 of 3rd period - Stopped by Joe Cannata with a rebound.
8:42 of 3rd period - Melker Karlsson is hit by Seth Helgeson and loses puck.
9:00 of 3rd period - Snap shot by Melker Karlsson.
9:00 of 3rd period - Goal by Melker Karlsson - Patriotes : 4 - Demolitions : 2.
9:01 of 3rd period - Christian Hanson wins face-off versus Darren Helm in neutral zone.
9:08 of 3rd period - Snap shot by Ryan Wilson.
9:08 of 3rd period - Shot Misses the Net.
9:26 of 3rd period - Zenon Konopka is hit by Doug Janik and loses puck.
10:30 of 3rd period - Marek Zagrapan is hit by Andrew Gordon and loses puck.
11:20 of 3rd period - Icing by Ryan Wilson.
11:21 of 3rd period - Mathieu Perreault wins face-off versus Marek Zagrapan in Patriotes zone.
11:37 of 3rd period - Slapshot by Lauri Tukonen.
11:37 of 3rd period - Shot Misses the Net.
11:51 of 3rd period - Wrist shot by Tomas Kurka.
11:51 of 3rd period - Shot Misses the Net.
11:53 of 3rd period - Slapshot by Timothy Kunes.
11:53 of 3rd period - Deflect By Christian Hanson.
11:53 of 3rd period - Stopped by Joe Cannata with a rebound.
12:21 of 3rd period - Doug Janik is hit by Anthony Bitetto and loses puck.
12:32 of 3rd period - Doug Janik is hit by Austin Watson and loses puck.
13:58 of 3rd period - Matt D'Agostini is hit by Robbie Russo and loses puck.
14:07 of 3rd period - Backhand shot by Ryan Wilson.
14:07 of 3rd period - Shot Blocked by Matt D'Agostini.
14:09 of 3rd period - Snap shot by Mathieu Perreault.
14:09 of 3rd period - Shot Misses the Net.
14:30 of 3rd period - David Laliberté is hit by Austin Watson and loses puck.
14:48 of 3rd period - Off-side.
14:49 of 3rd period - Darren Helm wins face-off versus Zenon Konopka in neutral zone.
15:26 of 3rd period - Wrist shot by Mattias Weinhandl.
15:26 of 3rd period - Stopped by Joe Cannata without a rebound.
15:27 of 3rd period - Zenon Konopka wins face-off versus Darren Helm in Demolitions zone.
15:28 of 3rd period - Wrist shot by Mattias Weinhandl.
15:28 of 3rd period - Deflect By Zenon Konopka.
15:28 of 3rd period - Goal by Zenon Konopka - Patriotes : 5 - Demolitions : 2.
15:29 of 3rd period - Tomas Kurka wins face-off versus Darren Helm in neutral zone.
15:43 of 3rd period - Snap shot by Ryan Vesce.
15:43 of 3rd period - Stopped by Marek Schwarz with a rebound.
16:01 of 3rd period - Slapshot by Doug Janik.
16:01 of 3rd period - Stopped by Marek Schwarz with a rebound.
16:03 of 3rd period - Slapshot by Doug Janik.
16:03 of 3rd period - Shot Blocked by Mathieu Perreault.
16:19 of 3rd period - Wrist shot by David Laliberté.
16:19 of 3rd period - Stopped by Marek Schwarz without a rebound.
16:20 of 3rd period - Zenon Konopka wins face-off versus Nicolas Blanchard in Patriotes zone.
16:20 of 3rd period - Mattias Weinhandl is hit by David Laliberté and loses puck.
16:22 of 3rd period - Minor Penalty to David Laliberté for Hooking.
16:23 of 3rd period - Bobby Butler wins face-off versus Christian Hanson in Demolitions zone.
16:32 of 3rd period - Cameron Schilling is hit by Timothy Kunes and loses puck.
16:37 of 3rd period - Snap shot by Tomas Kurka.
16:37 of 3rd period - Shot Misses the Net.
16:39 of 3rd period - Slapshot by Timothy Kunes.
16:39 of 3rd period - Goal by Timothy Kunes - Patriotes : 6 - Demolitions : 2.
16:40 of 3rd period - Christian Hanson wins face-off versus Darren Helm in neutral zone.
16:51 of 3rd period - Snap shot by Darren Helm.
16:51 of 3rd period - Stopped by Marek Schwarz with a rebound.
16:53 of 3rd period - Slapshot by Cameron Schilling.
16:53 of 3rd period - Stopped by Marek Schwarz with a rebound.
16:55 of 3rd period - Snap shot by Cameron Schilling.
16:55 of 3rd period - Shot Misses the Net.
17:02 of 3rd period - Icing by Ryan Wilson.
17:03 of 3rd period - Christian Hanson wins face-off versus Marek Zagrapan in Patriotes zone.
17:37 of 3rd period - Snap shot by Jordie Benn.
17:37 of 3rd period - Shot Misses the Net.
17:53 of 3rd period - Doug Janik is hit by Andrew Gordon and loses puck.
18:12 of 3rd period - Mike Funk is hit by Matt D'Agostini.
18:22 of 3rd period - Slapshot by Doug Janik.
18:22 of 3rd period - Stopped by Marek Schwarz with a rebound.
Goals for this period are 4 for Patriotes vs 1 for Demolitions.
Shots for this period are 10 for Patriotes vs 12 for Demolitions.